AoeStats
← no201709

Black Forest

509839667Analyzed
4v4 RM · 4d ago on Sep 28, 2026· 36m 21s· 8 players
Game mode
Random Map
Map size
Large (8 player)
Population
200
Speed
Normal
Resources
Standard
Victory
Conquest
Starting age
Dark Age
Ending age
Imperial Age
RankedLock teamsTeams togetherTeam positionsShared explorationLock speedFull tech treeHidden civsTurbo modeCheats
Victory
Defeat
🇹🇼 Spanish · Taiwan
1073
+14
🇦🇺 Poles · Australia
1062
+15
🇨🇴 Varangians · Colombia
1041
+16
🇨🇳 Cumans · China
1005
+17
🇬🇷 Malians · Greece
1078
-16
🇫🇷 Burgundians · France
1037
-16
🇦🇹 Shu · Austria
1020
-15
🇦🇹 Celts · Austria
1016
-15
Tangtang
1:16 Loom
9:38 Wheelbarrow
9:04 Double-Bit Axe
14:01 Feudal Age
12:21 Fishing Lines
17:50 Castle Age
17:55 Hand Cart
18:04 Bow Saw
20:48 Scale Barding Armor
20:53 Forging
20:48 Scale Barding Armor
22:32 Horse Collar
23:38 Gold Mining
25:55 Heavy Plow
25:59 Gillnets
30:06 Burgundian Vineyards
34:09 Imperial Age
Mr.MoneyBoy
3:55 Loom
12:37 Feudal Age
14:05 Double-Bit Axe
14:06 Fishing Lines
16:47 Castle Age
16:18 Gold Mining
16:19 Stone Mining
18:25 Bow Saw
19:31 Gillnets
23:25 Fletching
23:36 Padded Archer Armor
23:46 Forging
23:39 Scale Mail Armor
28:38 Wheelbarrow
27:48 Town Watch
30:48 Gold Shaft Mining
30:09 Bodkin Arrow
30:30 Leather Archer Armor
30:39 Ballistics
30:30 Masonry
30:00 Treadmill Crane
30:16 Murder Holes
30:31 Fortified Wall
34:01 Squires
33:46 Arson
34:20 Chain Mail Armor
34:08 Coiled Serpent Array
Bantum
1:33 Loom
2:09 Loom
12:10 Feudal Age
13:00 Double-Bit Axe
13:00 Fishing Lines
17:33 Gold Mining
20:08 Castle Age
18:02 Man-at-Arms
20:01 Forging
19:51 Scale Mail Armor
20:18 Long Swordsman
20:43 Gambesons
24:25 Scale Mail Armor
25:01 Iron Casting
25:22 Chain Mail Armor
26:38 Gillnets
27:12 Bow Saw
29:10 Fortified Wall
32:29 Imperial Age
31:32 Masonry
31:19 Murder Holes
32:31 Gold Shaft Mining
33:00 Fletching
33:37 Conscription
32:40 Capped Ram
32:46 Two-Handed Swordsman
KLEGE_MOULIKO
0:57 Loom
10:16 Feudal Age
10:59 Double-Bit Axe
12:41 Gold Mining
18:01 Castle Age
24:38 Horse Collar
27:01 Bow Saw
27:24 Heavy Plow
28:14 Gold Shaft Mining
29:57 Wheelbarrow
29:10 Town Watch
34:27 Imperial Age
31:51 Pikeman
32:31 Squires
33:04 Hand Cart
33:14 Stone Mining
36:17 Chemistry
35:51 Crop Rotation
34:50 Onager
no201709
2:08 Loom
11:25 Feudal Age
12:13 Double-Bit Axe
13:13 Fletching
24:45 Horse Collar
28:53 Castle Age
27:58 Wheelbarrow
27:21 Town Watch
28:31 Gold Mining
36:53 Imperial Age
34:39 Hand Cart
34:22 Bodkin Arrow
33:52 Crossbowman
34:44 Padded Archer Armor
36:39 Leather Archer Armor
36:34 Thumb Ring
36:50 Bow Saw
36:40 Town Watch
islesofurth
0:26 Loom
13:33 Feudal Age
14:50 Wheelbarrow
14:01 Double-Bit Axe
13:58 Horse Collar
17:59 Castle Age
17:07 Gold Mining
17:07 Stone Mining
19:25 Hand Cart
20:26 Bow Saw
23:27 Heavy Plow
29:02 Imperial Age
27:15 Scale Barding Armor
27:20 Forging
26:37 Light Cavalry
27:28 Bloodlines
27:18 Husbandry
29:34 Chain Barding Armor
29:49 Iron Casting
30:24 Iron Casting
29:58 Winged Hussar
31:39 Crop Rotation
33:07 Blast Furnace
33:58 Conscription
Taiwan_倫仔
10:38 Feudal Age
11:24 Double-Bit Axe
17:38 Castle Age
17:15 Gold Mining
17:19 Stone Mining
18:30 Bow Saw
18:27 Loom
22:29 Fletching
22:45 Horse Collar
24:36 Heavy Plow
26:31 Wheelbarrow
27:15 Bloodlines
27:06 Husbandry
27:51 Scale Mail Armor
27:56 Padded Archer Armor
27:27 Pikeman
28:58 Scale Mail Armor
29:10 Scale Barding Armor
29:16 Forging
30:26 Squires
30:48 Light Cavalry
33:59 Chain Barding Armor
34:14 Iron Casting
33:55 Chain Mail Armor
35:33 Hand Cart
rubendariod01
6:33 Loom
9:33 Feudal Age
10:10 Double-Bit Axe
10:07 Horse Collar
13:57 Town Watch
14:25 Gold Mining
16:46 Castle Age
16:11 Stone Mining
20:35 Bow Saw
23:23 Wheelbarrow
23:33 Heavy Plow
26:08 Bloodlines
25:58 Husbandry
27:36 Hand Cart
28:43 Stone Shaft Mining
28:22 Forging
28:18 Scale Barding Armor
31:13 Imperial Age
30:24 Iron Casting
30:09 Chain Barding Armor
29:23 Light Cavalry
30:39 Fortified Wall
30:18 Pikeman
30:44 Gambesons
30:59 Squires
31:04 Scale Mail Armor
30:55 Fletching
31:06 Padded Archer Armor
31:21 Masonry
33:32 Chemistry
32:43 Gambesons
33:27 Town Patrol
34:18 Architecture
33:54 Siege Engineers
33:49 Hussar
35:28 Cavalier
Connection lost

Rejoining the realm…

Still unreachable

The connection could not be restored.

Session expired

The server has moved on; the page needs a fresh start.